 Dungeon Crawl Stone Soup version 0.25-a0-558-g78a2afb0af (webtiles) character file.

Game seed: 3186898176169578931, levelgen mode: classic

5296 EnegeticOcto the Cleaver (level 10, 0/144 HPs)
             Began as a Deep Dwarf Fighter on Feb 24, 2020.
             Was a Follower of Makhleb.
             Slain by a 14-headed hydra (2 damage)
             ... on level 9 of the Dungeon.
             The game lasted 00:04:26 (4291 turns).

EnegeticOcto the Cleaver (Deep Dwarf Fighter)       Turns: 4291, Time: 00:04:26

Health: 0/144      AC: 25    Str: 23    XL:     10   Next: 37%
Magic:  0/0        EV:  2    Int:  9    God:    Makhleb [*.....]
Gold:   307        SH:  0    Dex: 12    Spells: 9/9 levels left

rFire    . . .     SeeInvis .   (no weapon)
rCold    . . .     Gourm    .   (no shield)
rNeg     + + +     Faith    .   (armour currently unavailable)
rPois    +         Spirit   .   (helmet currently unavailable)
rElec    .         Reflect  .   (cloak currently unavailable)
rCorr    .         Harm     .   (gloves currently unavailable)
MR       +....     NoTele   +   (boots currently unavailable)
Stlth    +.........             g - amulet of the acrobat
HPRegen  0.00/turn              (no ring)
MPRegen  0.07/turn              (no ring)

@: tree-form, non-regenerating
A: damage resistance, heal wounds, sense surroundings 2, no regeneration
a: Heal Wounds, Renounce Religion


You were on level 9 of the Dungeon.
You worshipped Makhleb.
Makhleb was aware of your devotion.
You were hungry.
You were a tree.
You visited 2 branches of the dungeon, and saw 10 of its levels.

You collected 307 gold pieces.

Inventory:

Hand Weapons
 p - a +4 battleaxe of electrocution
Missiles
 k - a throwing net (quivered)
Armour
 o - a +1 plate armour (melded)
Jewellery
 g - an amulet of the acrobat (around neck)
Wands
 f - a wand of flame (15)
Scrolls
 d - a scroll of magic mapping {@r5}
 h - 8 scrolls of remove curse {@r6}
 j - a scroll of teleportation {@r2}
Potions
 a - a potion of brilliance {unknown}
 i - a potion of heal wounds {unknown}
 l - 2 potions of curing {@q1}
 m - a potion of resistance {@q6}
 n - a potion of haste {@q4}
 q - a potion of lignification {@q7}
Comestibles
 e - 14 rations


   Skills:
 * Level 7.8 Fighting
 * Level 9.0 Axes
 + Level 6.8 Armour
 + Level 5.8 Dodging
   Level 6.6 Shields
 * Level 6.5 Invocations


You had 9 spell levels left.
You didn't know any spells.
Your spell library was empty.

Dungeon Overview and Level Annotations

Branches:
Dungeon (9/15)             Temple (1/1) D:6
   Lair: D:8-11         Orc: D:9-12

Altars:
Ashenzari
Cheibriados
Dithmenos
Elyvilon
Fedhas
Gozag
Kikubaaqudgha
Makhleb
Nemelex Xobeh
Okawaru
Ru
Sif Muna
Trog
Vehumet
Wu Jian
Zin
The Shining One

Shops:
D:4 (:?*

Annotations:
D:9 Maurice


Innate Abilities, Weirdness & Mutations

You are resistant to damage.
You can heal yourself by infusing magical energy.
You passively map the area around you.
You do not regenerate.


Message History

The 14-headed hydra bites you but does no damage. x4
The 14-headed hydra bites you!
The sky beast flickers out of sight!
The orc priest hits you but does no damage.
The howler monkey hits you. Something hits you but does no damage.
You are too injured to fight recklessly!
You are too injured to fight recklessly!
You are too injured to fight recklessly!
You are too injured to fight recklessly!
You are too injured to fight recklessly!
You are too injured to fight recklessly!
You are too injured to fight recklessly!
You are too injured to fight recklessly!
You are too injured to fight recklessly!
You are too injured to fight recklessly!
You are too injured to fight recklessly!
You are too injured to fight recklessly!
You are too injured to fight recklessly!
You are too injured to fight recklessly!
You are too injured to fight recklessly!
You don't have enough innate magic capacity.
Your +4 battleaxe of electrocution stops crackling.
You are now empty-handed.
The 14-headed hydra bites you but does no damage. x4
The 14-headed hydra bites you.
The 14-headed hydra bites you but does no damage. x7
The 14-headed hydra bites you.
The 14-headed hydra bites you but does no damage.
You completely miss the 14-headed hydra.
The 14-headed hydra is heavily wounded.
The howler monkey hits you but does no damage.
The orc priest hits you from afar with a +0 trident.
Something hits you. The 14-headed hydra bites you!
* * * LOW HITPOINT WARNING * * *
The 14-headed hydra bites you but does no damage. x2
The 14-headed hydra bites you!
* * * LOW HITPOINT WARNING * * *
The 14-headed hydra bites you but does no damage. x3
The 14-headed hydra completely misses you.
The 14-headed hydra bites you but does no damage. x2
The 14-headed hydra bites you.
The 14-headed hydra bites you but does no damage.
The 14-headed hydra bites you.
The 14-headed hydra bites you but does no damage.
You smack the 14-headed hydra!
The 14-headed hydra is heavily wounded.
The howler monkey hits you but does no damage.
Maurice casts a spell.
Maurice blinks!
Something hits you but does no damage.
The orc priest mumbles some strange prayers to Beogh against you.
Beogh smites you!
* * * LOW HITPOINT WARNING * * *
The howler monkey hits you but does no damage.
The 14-headed hydra completely misses you.
The 14-headed hydra bites you!
* * * LOW HITPOINT WARNING * * *
The 14-headed hydra bites you. The 14-headed hydra barely misses you.
The 14-headed hydra bites you.
* * * LOW HITPOINT WARNING * * *
The 14-headed hydra completely misses you.
The 14-headed hydra bites you but does no damage. x3
The 14-headed hydra bites you.
* * * LOW HITPOINT WARNING * * *
The 14-headed hydra bites you.
* * * LOW HITPOINT WARNING * * *
The 14-headed hydra bites you but does no damage.
The 14-headed hydra bites you!
* * * LOW HITPOINT WARNING * * *
The 14-headed hydra bites you but does no damage.
You don't have enough innate magic capacity.
You hit the 14-headed hydra but do no damage.
The 14-headed hydra is heavily wounded.
Something hits you but does no damage. Maurice hits you but does no damage.
The orc priest hits you but does no damage.
The howler monkey barely misses you. Something hits you but does no damage.
The 14-headed hydra bites you but does no damage. x4
The 14-headed hydra bites you!
* * * LOW HITPOINT WARNING * * *
The 14-headed hydra bites you but does no damage. x6
The 14-headed hydra bites you.
The 14-headed hydra bites you but does no damage. x2
You don't have enough innate magic capacity.
You don't have enough innate magic capacity.
You don't have enough innate magic capacity.
You smack the 14-headed hydra!
The 14-headed hydra is severely wounded.
A boggart appears from thin air!
Reactivating autopickup.
Maurice hits you but does no damage.
The orc priest hits you but does no damage.
The howler monkey hits you but does no damage.
The boggart hits you but does no damage.
The 14-headed hydra bites you but does no damage. x2
The 14-headed hydra bites you.
The 14-headed hydra bites you but does no damage. x2
The 14-headed hydra bites you.
The 14-headed hydra bites you but does no damage. x2
The 14-headed hydra bites you.
* * * LOW HITPOINT WARNING * * *
The 14-headed hydra bites you.
You die...

* * ** , #......?#⌠
, ' ,, #.......#+*
*, , * #...$...#
,,. ** ##.......#
,,*,.. ,
.........######...*
,
.........#........
* #......#h.......
* #..).♣@#.†..Z...*
#...gDh#'########.
#...ooo{..........
#................(
#.................
##........(....[...
#........##'######
#........#.......#
#........#.......#
*


You could see a 14-headed hydra, Maurice, a boggart, a howler monkey, an orc
priest and 2 orcs.

Vanquished Creatures
  Harold (D:8)
  Erica (D:9)
  Psyche (D:8)
  Maggie (D:7)
  A hippogriff (D:7)
  A wyvern (D:6)
  An ice beast (D:4)
  2 orc warriors
  4 ogres
  A centaur (D:8)
  6 bullfrogs
  Blork the orc (D:6)
  A wyvern zombie (D:8)
  A water moccasin zombie (D:9)
  4 scorpions
  5 wights (D:8)
  5 howler monkeys
  A bullfrog zombie (D:7)
  2 crimson imps
  A centaur zombie (D:4)
  A quasit (D:7)
  4 hounds
  A jelly (D:5)
  2 orc priests
  9 orc wizards
  2 bullfrog skeletons
  4 iguanas
  9 worker ants
  A hound zombie (D:7)
  2 hound skeletons
  A gnoll (D:9)
  11 adders
  2 shadow imps
  An ooze (D:3)
  2 worms (D:4)
  2 leopard geckos
  28 orcs
  A ball python (D:5)
  A giant cockroach (D:5)
  7 goblins
  A hobgoblin (D:1)
  9 jackals
  6 kobolds
  3 quokkas
  3 bats
  3 frilled lizards
  A leopard gecko zombie (D:5)
  A quokka skeleton (D:6)
  5 rats
164 creatures vanquished.

Notes
Turn   | Place    | Note
-------+----------+-------------------------------------------
     0 | D:1      | EnegeticOcto the Deep Dwarf Fighter began the quest for the
                  | Orb.
     0 | D:1      | Reached XP level 1. HP: 20/20 MP: 1/1
   100 | D:1      | Reached XP level 2. HP: 24/27 MP: 2/2
   221 | D:2      | Reached XP level 3. HP: 21/34 MP: 3/3
   302 | D:2      | Reached skill level 3 in Axes
   358 | D:3      | Reached skill level 1 in Dodging
   378 | D:3      | Reached XP level 4. HP: 42/42 MP: 3/3
   438 | D:3      | Found an opulent altar of Gozag.
   633 | D:4      | Found Maity's Magic Scroll Boutique.
   683 | D:4      | Reached XP level 5. HP: 36/50 MP: 4/4
   689 | D:4      | Noticed an ice beast
   719 | D:4      | Killed an ice beast
   719 | D:4      | Reached skill level 4 in Axes
   733 | D:4      | Reached XP level 6. HP: 42/57 MP: 5/5
   900 | D:4      | Found Wuippic's General Store.
  1005 | D:4      | Found Daeng's Book Shop.
  1038 | D:4      | Found Paju's Weapon Shop.
  1140 | D:4      | Found a glowing silver altar of Zin.
  1376 | D:5      | Entered Level 5 of the Dungeon
  1447 | D:5      | Reached XP level 7. HP: 40/66 MP: 5/5
  1467 | D:5      | Reached skill level 5 in Axes
  1472 | D:5      | Found a radiant altar of Vehumet.
  1604 | D:5      | Reached skill level 5 in Fighting
  1908 | D:5      | Reached skill level 5 in Shields
  2015 | D:6      | Reached skill level 5 in Armour
  2015 | D:6      | Reached XP level 8. HP: 49/74 MP: 5/5
  2061 | D:6      | Reached skill level 6 in Axes
  2515 | D:6      | Noticed Blork the orc
  2524 | D:6      | Killed Blork the orc
  2576 | D:6      | Found a staircase to the Ecumenical Temple.
  2607 | Temple   | Entered the Ecumenical Temple
  2687 | Temple   | Became a worshipper of Makhleb the Destroyer
  2980 | D:7      | Reached skill level 7 in Axes
  2980 | D:7      | Reached skill level 1 in Invocations
  2992 | D:7      | Noticed a hippogriff
  3009 | D:7      | Killed a hippogriff
  3009 | D:7      | Gained mutation: You passively map the area around you.
                  | [Deep Dwarf growth]
  3009 | D:7      | Reached XP level 9. HP: 54/84 MP: 3/5
  3052 | D:7      | Noticed Maggie
  3080 | D:7      | Killed Maggie
  3434 | D:8      | Reached * piety under Makhleb
  3455 | D:8      | Reached skill level 5 in Dodging
  3503 | D:8      | Noticed Psyche
  3512 | D:8      | Reached skill level 8 in Axes
  3517 | D:8      | Killed Psyche
  3532 | D:8      | Reached skill level 5 in Invocations
  3761 | D:8      | Noticed Harold
  3781 | D:8      | Killed Harold
  3781 | D:8      | Reached XP level 10. HP: 51/94 MP: 3/5
  3887 | D:8      | Found a shimmering blue altar of Sif Muna.
  3887 | D:8      | Found a white marble altar of Elyvilon.
  4101 | D:9      | Found a sparkling altar of Nemelex Xobeh.
  4187 | D:9      | Noticed Erica
  4208 | D:9      | Killed Erica
  4245 | D:9      | Noticed a seven-headed hydra
  4248 | D:9      | Reached skill level 9 in Axes
  4268 | D:9      | Noticed Maurice
  4290 | D:9      | HP: 4/144 [14-headed hydra (6)]
  4291 | D:9      | Slain by a 14-headed hydra

Levels and vault maps discovered:
D:1:      lightli_arrival_chessboard, layout_rooms, minmay_tetromino_t4
D:2:      layout_loops_corners
D:3:      layout_loops_ring, grunt_gozag_statues,
          hangedman_abyss_or_decor_lesser_grid, uniq_crazy_yiuf_cottage
D:4:      layout_basic, zin_academy, serial_shops,
          nicolae_shop_temple_entry_statues_fountains, shop, nicolae_shop_trees,
          shop, first_ration, minmay_pentomino_pile
D:5:      layout_loops_ring, vehumet_altar_wand_db
D:6:      layout_loops_ring, nicolae_overflow_hidden_temple,
          minmay_temple_entry_hall, uniq_blork_the_orc
D:7:      layout_basic, uniq_maggie
D:8:      layout_cave_pools, gammafunk_temple_overflow_wave, grunt_ogre_cave,
          uniq_psyche, uniq_harold
D:9:      minmay_shrinking_squares, layout_irregular_city,
          nemelex_lonely_heart_becter, uniq_maurice, uniq_erolcha, uniq_erica
Temple:   regret_index_temple_sphere_string

Skill      XL: |  1  2  3  4  5  6  7  8  9 10 |
---------------+-------------------------------+-----
Fighting       | 3 4 5 6 7 |  7.8
Axes           | 3 4 5 7 8 9 |  9.0
Dodging        | 1 2 3 4 5 |  5.8
Armour         | 4 5 6 |  6.8
Shields        | 4 5 6 |  6.6
Invocations    | 1 5 6 |  6.5

Action                   |  1- 3 |  4- 6 |  7- 9 | 10-12 || total
-------------------------+-------+-------+-------+-------++-------
Melee: War axe           |    98 |   115 |       |       ||   213
       Broad axe         |       |    28 |   406 |       ||   434
       Battleaxe         |       |       |       |    50 ||    50
       Unarmed           |       |       |       |     4 ||     4
Throw: Throwing net      |       |       |     1 |       ||     1
 Abil: Heal Wounds       |     1 |     5 |    26 |    16 ||    48
  Use: Scroll            |       |     5 |     6 |     1 ||    12
       Potion            |       |       |     1 |     1 ||     2
  Eat: Chunk             |       |     2 |     9 |     1 ||    12
Armor: Scale mail        |    42 |    59 |    60 |       ||   161
       Plate armour      |       |       |   116 |   106 ||   222
       Skin              |       |       |       |   131 ||   131
Dodge: Dodged            |    31 |    44 |   165 |    74 ||   314
Block: Kite shield       |    70 |    74 |   268 |       ||   412

Table legend:
 A = Non-vault XP
 B = Vault XP
 C = Vault XP percentage of total XP
 D = Non-vault monster count
 E = Vault monster count
 F = Vault count percentage of total count
                 A         B        C        D         E       F
            +---------+---------+-------+---------+---------+-------
      Total |    4380 |    3186 |  42.1 |     150 |      14 |   8.5
            +---------+---------+-------+---------+---------+-------
        D:1 |      16 |       3 |  15.8 |      11 |       2 |  15.4
        D:2 |      41 |       0 |   0.0 |      11 |       0 |   0.0
        D:3 |     116 |       0 |   0.0 |      14 |       0 |   0.0
        D:4 |     317 |     165 |  34.2 |      10 |       4 |  28.6
        D:5 |     722 |       2 |   0.3 |      21 |       1 |   4.5
        D:6 |     918 |      94 |   9.3 |      31 |       1 |   3.1
        D:7 |     730 |     379 |  34.2 |      15 |       1 |   6.2
        D:8 |    1176 |    1526 |  56.5 |      28 |       3 |   9.7
        D:9 |     344 |    1017 |  74.7 |       9 |       2 |  18.2
            +---------+---------+-------+---------+---------+-------
